 Dungeon Crawl Stone Soup version 0.27.1-34-g3ba077fa99 (webtiles) character file.

Game seed: 7065085946804964228

4354 melkoren the Carver (level 10, -4/88 (90) HPs)
             Began as a Minotaur Gladiator on Jan 14, 2022.
             Was a Believer of Dithmenos.
             Slain by a jiangshi (16 damage)
             ... summoned by a vampire mage
             ... on level 2 of the Abyss.
             The game lasted 00:35:52 (10214 turns).

melkoren the Carver (Minotaur Gladiator)           Turns: 10214, Time: 00:35:52

HP:   -4/88 (90)    AC:  8    Str: 18    XL:     10   Next: 12%
MP:   18/18         EV: 15    Int:  5    God:    Dithmenos [**....]
Gold: 547           SH:  5    Dex: 16    Spells: 9/9 levels left

rFire    . . .     SeeInvis .   a - +4 long sword
rCold    + . .     Faith    .   F - +0 buckler
rNeg     . . .     Spirit   .   b - +0 leather armour
rPois    .         Reflect  .   c - +1 hat
rElec    .         Harm     .   o - +0 cloak
rCorr    .         Rampage  .   e - +0 pair of gloves
Will     .....                  g - +0 pair of boots
Stlth    ++........             A - amulet of the acrobat
HPRegen  0.24/turn              C - ring of protection from cold
MPRegen  0.16/turn              W - ring of magical power

@: about to teleport, hasted, wreathed by umbra, lightly drained, very quick
A: horns 2, retaliatory headbutt
a: Renounce Religion, Shadow Step


You were on level 2 of the Abyss.
You worshipped Dithmenos.
Dithmenos was pleased with you.
You visited 1 branch of the dungeon, and saw 9 of its levels.
You visited the Abyss 1 time.
You also visited: Ossuary and Bailey.

You collected 547 gold pieces.


Innate Abilities, Weirdness & Mutations

You have a pair of horns on your head.
You reflexively headbutt those who attack you in melee.


   Skills:
 + Level 8.9 Fighting
 * Level 12.2 Long Blades
 - Level 2.0 Throwing
 - Level 5.8 Armour
 + Level 6.6 Dodging
 - Level 4.0 Shields


You had 9 spell levels left.
You didn't know any spells.
Your spell library contained the following spells:

 Spells                   Type           Power      Damage    Failure   Level
 Apportation              Tloc           0%         N/A       52%         1
 Beastly Appendage        Tmut           0%         N/A       52%         1
 Sublimation of Blood     Necr           0%         N/A       67%         2
 Wereblood                Tmut           0%         N/A       67%         2
 Spider Form              Tmut/Pois      0%         N/A       88%         3
 Alistair's Intoxication  Tmut/Pois      0%         N/A       100%        5
 Fireball                 Conj/Fire      0%         3d3       100%        5
 Invisibility             Hex            0%         N/A       100%        6
 Starburst                Conj/Fire      0%         6d3       100%        6
 Summon Hydra             Summ           0%         N/A       100%        7
 Ignition                 Fire           0%         3d3       100%        8

Inventory:

Hand Weapons
 a - a +4 long sword (weapon)
 z - the +4 dagger "Dasew" {vorpal, rElec rPois Str-3}
   (You found it on level 8 of the Dungeon)

   It inflicts extra damage upon your enemies.
   Str:       It affects your strength (-3).
   rElec:     It insulates you from electricity.
   rPois:     It protects you from poison.
 H - a +2 spear of freezing
   (You took it off a gnoll sergeant on level 5 of the Dungeon)
Missiles
 d - 3 throwing nets {=f!f}
 f - 226 stones
 h - 117 arrows
 j - 54 poisoned darts (quivered)
 l - 7 javelins
 p - 5 boomerangs
 x - 13 bolts
 B - 32 sling bullets
 D - 3 curare-tipped darts {=f}
Armour
 b - a +0 leather armour (worn)
 c - a +1 hat (worn)
 e - a +0 pair of gloves (worn)
   (You found it on level 1 of the Dungeon)
 g - a +0 pair of boots (worn)
   (You found it on level 1 of the Dungeon)
 o - a +0 cloak (worn)
   (You found it on level 2 of the Dungeon)
 F - a +0 buckler (worn)
   (You found it on level 4 of the Dungeon)
 K - a +1 hat
   (You found it on level 6 of the Dungeon)
Magical Staves
 r - a staff of death {!a}
   (You found it on level 3 of the Dungeon)
Jewellery
 A - an amulet of the acrobat (around neck)
   (You found it on level 8 of the Dungeon)
 C - a ring of protection from cold (left hand)
   (You found it on level 5 of the Dungeon)
 L - a ring of flight
   (You found it in a bailey)
 R - a ring of resist corrosion
   (You found it on level 8 of the Dungeon)
 W - a ring of magical power (right hand)
   (You found it on level 6 of the Dungeon)
Wands
 v - a wand of digging (6)
   (You found it on level 7 of the Dungeon)
 E - a wand of paralysis (11)
   (You took it off Ijyb on level 5 of the Dungeon)
 G - a wand of iceblast (6)
   (You found it on level 5 of the Dungeon)
 I - a wand of flame (25)
   (You found it on level 4 of the Dungeon)
 J - a wand of polymorph (8)
   (You found it on level 6 of the Dungeon)
Scrolls
 k - 2 scrolls of vulnerability {!r!r}
 n - a scroll of teleportation {@r4}
 t - a scroll of magic mapping {!r}
 y - a scroll of fear
Potions
 i - 4 potions of haste {@q3}
 m - 2 potions of mutation {!q}
 q - 9 potions of curing {@q1}
 s - 4 potions of heal wounds {@q2}
 u - 2 potions of attraction {!q}
 w - 3 potions of flight

Dungeon Overview and Level Annotations

Branches:
Dungeon (9/15)             Temple (0/1) D:7         Ossuary (visited)
 Bailey (visited)
   Lair: D:8-11         Orc: D:9-12

Altars:
Dithmenos
Makhleb

Annotations:
D:5 Pikel
D:9 Erolcha, Joseph

###.#... .#.. ....
.. .
.................
. ....#..#......
... ####....#.#...
..... .
#.##.#.##..#...{.
...
###..#.#..#......
.. . #............
.Z.. ..
#....##ZW##......#
...
##.##V@######.. ##
# # #..#.###
#.....## . # .##
#......# ## .....
#.# ......[ ###.
...#


You could see a jiangshi (summoned), a wraith (summoned) and a cane toad zombie
(summoned).


Message History

You climb upwards.
Reactivating autopickup.
There is a stone staircase leading down here.
You start resting.
You start resting. 😎 HP[+36]
Your hp is fully restored (88).
You start waiting.
Done waiting.
Things that are here:
a +0 robe; a +2 short sword
Things that are here:
a +0 robe; a +0 dire flail
There is a stone staircase leading down here.
You climb downwards.
Level annotation: Erolcha, Joseph
There is a stone staircase leading up, spattered with blood here.
Erolcha casts a spell.
Erolcha flickers and vanishes!
Deactivating autopickup; reactivate with Ctrl-A.
There is a stone staircase leading up, spattered with blood here.
There is a stone staircase leading up, spattered with blood here.
You hear some strange, mumbled words.
You are cast into the Abyss!
To return, you must find a gate leading back.
Killing monsters will force the Abyss to allow you passage.
This branch contains the abyssal rune of Zot.
Reactivating autopickup.
A white imp comes into view.
A vampire mage comes into view.
Throw: 56 darts (poison)
Press: ? - help, Q - select action, (/) - cycle Shift-Dir - straight line, f - vampire mage
Aim: a vampire mage, wearing a +0 robe (65% to hit)
You throw a poisoned dart.
The poisoned dart hits the vampire mage.
The vampire mage casts a spell.
Throw: 55 darts (poison)
Press: ? - help, Q - select action, (/) - cycle Shift-Dir - straight line, f/p - vampire mage
Aim: a vampire mage, wearing a +0 robe (65% to hit)
You throw a poisoned dart. The poisoned dart hits the jiangshi.
Hit: a) +4 long sword
Press: ? - help, Dir - move target, f - you, p - vampire mage
Okay, then.
The jiangshi completely misses you. You furiously retaliate!
You headbutt the jiangshi, but do no damage.
You riposte.
You hit the jiangshi but do no damage. You headbutt the jiangshi!
The jiangshi closely misses you. The jiangshi claws you!
The jiangshi draws strength from your injuries!
The jiangshi claws you but does no damage. 😕 HP[-16]
You take 16 damage, and now have 72/88 hp.
The jiangshi misses you. The jiangshi claws you!
The jiangshi draws strength from your injuries!
The vampire mage mumbles some strange words.
The vampire mage flickers and vanishes!
Deactivating autopickup; reactivate with Ctrl-A. 😮 HP[-10]
You take 10 damage, and now have 62/88 hp.
The jiangshi claws you.
The jiangshi draws strength from your injuries!
The jiangshi barely misses you. 😮 HP[-4]
You take 4 damage, and now have 58/88 hp.
The jiangshi barely misses you.
The jiangshi closely misses you. 😮 HP[+1]
You block the jiangshi's attack. The jiangshi claws you!
The jiangshi draws strength from your injuries! 😮 HP[-10]
You take 10 damage, and now have 49/88 hp.
The jiangshi claws you!
* * * LOW HITPOINT WARNING * * *
The jiangshi draws strength from your injuries!
The jiangshi completely misses you. 😨 HP[-8]
You take 8 damage, and now have 41/88 hp.
You feel yourself speed up. You block the jiangshi's attack.
The jiangshi claws you!
* * * LOW HITPOINT WARNING * * *
The jiangshi draws strength from your injuries! 😨 HP[-15]
You take 15 damage, and now have 26/88 hp. 😨 HP[+1] 😨 HP[+1] 😨 HP[+1]
The jiangshi claws you!!
* * * LOW HITPOINT WARNING * * *
The jiangshi draws strength from your injuries!
You block the jiangshi's attack. The jiangshi misses you.
You riposte.
You hit the jiangshi. Your headbutt misses the jiangshi.
The jiangshi misses you. 😱 HP[-18]
You take 18 damage, and now have 11/88 hp.
MASSIVE DAMAGE!! (PAUSE)
The jiangshi closely misses you. The jiangshi completely misses you.
As you read the scroll of teleportation {@r4}, it crumbles to dust.
You feel strangely unstable.
You feel the power of the Abyss delaying your translocation!
The jiangshi claws you!
You die...

Skill      XL: |  1  2  3  4  5  6  7  8  9 |
---------------+----------------------------+-----
Long Blades    | 4 5 6 7 8 10 12 | 12.2
Fighting       | 3 4 5 7 8 |  8.9
Dodging        | 4 6 |  6.6
Armour         | 2 3 5 |  5.8
Shields        | 1 3 4 |  4.0
Throwing       | |  2.0

Action                   |  1- 3 |  4- 6 |  7- 9 | 10-12 || total
-------------------------+-------+-------+-------+-------++-------
Melee: Long sword        |    76 |   112 |   270 |    23 ||   481
       Headbutt          |    10 |    24 |    85 |     5 ||   124
       Dagger            |       |       |       |    14 ||    14
Throw: Dart              |     9 |    16 |    59 |     2 ||    86
  Use: Scroll            |     4 |       |    12 |     2 ||    18
       Potion            |       |     1 |     8 |     2 ||    11
 Stab: Sleeping          |       |     1 |       |       ||     1
Armor: Leather armour    |    25 |    40 |    51 |     7 ||   123
Dodge: Dodged            |    43 |    72 |   169 |    33 ||   317
Block: Buckler           |       |    11 |    50 |     9 ||    70
       Rpst.: Long sword |     5 |    19 |    42 |     4 ||    70

Levels and vault maps discovered:
D:1:      psy_arrival_whirlpool, layout_basic
D:2:      layout_rooms, uniq_robin
D:3:      layout_basic, demons_altar, grunt_dithmenos_smoke_and_mirrors,
          shapermc_ecumenical_altar_pompeii, st_stairs_8
D:4:      layout_basic
D:5:      minmay_evil_eye, layout_loops_ring, uniq_pikel, uniq_ijyb
D:6:      layout_basic
D:7:      layout_basic, temple_hall, enter_ossuary_2
D:8:      layout_cave_pods, enter_bailey_7, kennysheep_donut
D:9:      layout_cross, uniq_erolcha, uniq_joseph
Abyss:2:  base: D:6, bh_abyss_exit_grid

Notes
Turn   | Place    | Note
-------+----------+-------------------------------------------
     0 | D:1      | melkoren the Minotaur Gladiator began the quest for the
                  | Orb.
     0 | D:1      | Reached XP level 1. HP: 18/18 MP: 0/0
     0 | D:1      | magus.rc [v1.11.3]
   292 | D:1      | Reached skill level 4 in Long Blades
   531 | D:1      | Reached XP level 2. HP: 25/25 MP: 1/1
  1224 | D:2      | Reached skill level 3 in Fighting
  1224 | D:2      | Reached XP level 3. HP: 26/31 MP: 2/2
  1326 | D:2      | Noticed Robin
  1332 | D:2      | Killed Robin
  1415 | D:2      | You pick up a book of Blood and begin reading...
  1415 | D:2      | You add the spells Sublimation of Blood, Wereblood and
                  | Summon Hydra to your library.
  1530 | D:2      | Reached XP level 4. HP: 33/38 MP: 3/3
  1585 | D:2      | Reached skill level 5 in Long Blades
  1676 | D:2      | Reached skill level 4 in Dodging
  2063 | D:3      | Found a shadowy altar of Dithmenos.
  2080 | D:3      | Became a worshipper of Dithmenos the Shadowed
  2317 | D:3      | Found a faded altar of an unknown god.
  2715 | D:3      | You pick up a book of Party Tricks and begin reading...
  2715 | D:3      | You add the spells Apportation, Alistair's Intoxication and
                  | Invisibility to your library.
  2814 | D:3      | Found a burning altar of Makhleb.
  2828 | D:3      | Reached XP level 5. HP: 44/46 MP: 4/4
  2835 | D:3      | Reached skill level 4 in Fighting
  2836 | D:3      | HP: 6/46 [iron imp (7)]
  2840 | D:3      | Reached skill level 6 in Long Blades
  3372 | D:4      | Reached XP level 6. HP: 51/52 MP: 5/5
  3565 | D:4      | Reached skill level 1 in Armour
  4251 | D:5      | Entered Level 5 of the Dungeon
  4475 | D:5      | Noticed Ijyb
  4485 | D:5      | Killed Ijyb
  4491 | D:5      | Reached skill level 1 in Shields
  4531 | D:5      | You pick up a book of Fire and begin reading...
  4531 | D:5      | You add the spells Fireball, Starburst and Ignition to your
                  | library.
  4582 | D:5      | Reached skill level 2 in Armour
  4609 | D:5      | HP: 8/55 [ogre (19)]
  4611 | D:5      | Reached skill level 7 in Long Blades
  4611 | D:5      | Reached XP level 7. HP: 9/60 MP: 6/6
  4881 | D:5      | Reached skill level 5 in Fighting
  4881 | D:5      | Reached skill level 2 in Shields
  5226 | D:5      | Reached * piety under Dithmenos
  5227 | D:5      | Reached skill level 3 in Armour
  5227 | D:5      | Reached skill level 3 in Shields
  5297 | D:5      | Reached skill level 8 in Long Blades
  5404 | D:5      | Reached XP level 8. HP: 49/70 MP: 7/7
  5534 | D:5      | Reached skill level 4 in Shields
  5624 | D:5      | Reached skill level 4 in Armour
  5653 | D:5      | Reached skill level 6 in Fighting
  5746 | D:5      | Noticed Pikel
  6220 | D:6      | Reached skill level 9 in Long Blades
  6609 | D:6      | Noticed a kobold demonologist
  6619 | D:6      | Killed a kobold demonologist
  6620 | D:6      | Reached skill level 5 in Armour
  6798 | D:6      | Reached skill level 7 in Fighting
  6798 | D:6      | Reached skill level 10 in Long Blades
  6968 | D:6      | Reached XP level 9. HP: 79/79 MP: 8/8
  7647 | D:7      | You pick up a book of Changes and begin reading...
  7647 | D:7      | You add the spells Beastly Appendage and Spider Form to
                  | your library.
  7753 | D:7      | Found a sand-covered staircase.
  7758 | Ossuary  | Entered an ossuary
  7808 | Ossuary  | Reached skill level 5 in Dodging
  7846 | Ossuary  | Reached ** piety under Dithmenos
  7985 | D:7      | Reached skill level 11 in Long Blades
  8320 | D:7      | Found a staircase to the Ecumenical Temple.
  8513 | D:8      | Reached skill level 8 in Fighting
  8528 | D:8      | Reached skill level 6 in Dodging
  8691 | D:8      | Identified the +4 dagger "Dasew" {vorpal, rElec rPois
                  | Str-3}
  8776 | D:8      | Found a flagged portal.
  8788 | Bailey   | Entered a bailey
  9212 | D:8      | Reached skill level 12 in Long Blades
  9212 | D:8      | Reached XP level 10. HP: 89/90 MP: 9/9
  9596 | D:9      | Noticed Joseph
  9862 | D:9      | Noticed Erolcha
 10164 | D:9      | You are cast into the Abyss!
 10164 | D:9      | Cast into level 2 of the Abyss (Erolcha)
 10179 | Abyss:2  | Noticed a vampire mage
 10184 | Abyss:2  | Noticed a jiangshi
 10211 | Abyss:2  | HP: 11/88 [jiangshi[a vampire mage] (18)]
 10214 | Abyss:2  | Slain by a jiangshi

Vanquished Creatures
  A kobold demonologist (D:6)
  7 yaks
  A water moccasin (D:5)
  2 ice beasts (D:5)
  2 black bears
  2 orc warriors
  A sky beast (D:8)
  5 ogres
  A centaur (D:7)
  3 lemures (D:5)
  4 kobold brigands
  A bullfrog (D:6)
  A gnoll sergeant (D:5)
  2 scorpions
  A wyvern zombie (D:6)
  6 water moccasin zombies
  A water moccasin skeleton (D:6)
  3 wights
  A howler monkey (D:6)
  A hound (D:7)
  A centaur zombie (D:8)
  A centaur skeleton (D:6)
  2 orc priests
  A bullfrog skeleton (D:6)
  3 iguanas
  3 iron imps (D:3)
  2 jellies
  Ijyb (D:5)
  3 orc wizards
  2 mummies (Ossuary)
  A howler monkey zombie (D:8)
  Robin (D:2)
  2 howler monkey skeletons (D:5)
  5 adders
  A white imp (D:7)
  2 ufetubi (D:5)
  3 adder zombies (Ossuary)
  A worm (D:2)
  2 dart slugs (D:3)
  15 orcs
  9 endoplasms
  4 giant cockroaches
  4 gnoll zombies (Ossuary)
  21 goblins
  10 hobgoblins
  11 kobolds
  3 quokkas
  5 ball pythons
  5 bats
  A frilled lizard (D:1)
  3 hobgoblin zombies (Ossuary)
  7 kobold zombies (Ossuary)
  3 orc zombies (Ossuary)
  3 rats
187 creatures vanquished.

Table legend:
 A = Non-vault XP
 B = Vault XP
 C = Vault XP percentage of total XP
 D = Non-vault monster count
 E = Vault monster count
 F = Vault count percentage of total count
                 A         B        C        D         E       F
            +---------+---------+-------+---------+---------+-------
      Total |    5164 |    1056 |  17.0 |     132 |      52 |  28.3
            +---------+---------+-------+---------+---------+-------
        D:1 |      30 |       0 |   0.0 |      18 |       0 |   0.0
        D:2 |      57 |      36 |  38.7 |      18 |      12 |  40.0
        D:3 |      64 |     120 |  65.2 |      16 |       4 |  20.0
        D:4 |     134 |       0 |   0.0 |      16 |       0 |   0.0
        D:5 |    1003 |     432 |  30.1 |      15 |       5 |  25.0
        D:6 |    1290 |       0 |   0.0 |      18 |       0 |   0.0
        D:7 |     448 |       0 |   0.0 |       9 |       0 |   0.0
        D:8 |    1873 |       8 |   0.4 |      20 |       4 |  16.7
        D:9 |     265 |       0 |   0.0 |       2 |       0 |   0.0
    Ossuary |       0 |     460 | 100.0 |       0 |      27 | 100.0
            +---------+---------+-------+---------+---------+-------

Illustrated notes

Table legend:
 A = Kills in this place as a percentage of kills in entire the game.
 B = Kills by you in this place as a percentage of kills by you in the entire game.
 C = Kills by friends in this place as a percentage of kills by friends in the entire game.
 D = Other kills in this place as a percentage of other kills in the entire game.
 E = Experience gained in this place as a percentage of experience gained in the entire game.
 F = Experience gained in this place divided by the number of levels of this place that you have seen.
                   A       B       C       D       E      F
               +-------+-------+-------+-------+-------+----------------------
         Total | 100.0 | 100.0 |   N/A |   N/A | 100.0 | 518.3
       Dungeon |  85.3 |  85.3 |   N/A |   N/A |  92.6 | 640.0
       Ossuary |  14.7 |  14.7 |   N/A |   N/A |   7.4 | 460.0
               +-------+-------+-------+-------+-------+----------------------

Table legend: (Time is in decaauts)
 A = Elapsed time spent in this place.
 B = Non-inter-level travel time spent in this place.
 C = Inter-level travel time spent in this place.
 D = Time resting spent in this place.
 E = Time spent auto-exploring this place.
 F = Levels seen in this place.
 G = Mean time per level.
                   A        B        C        D        E       F      G
               +--------+--------+--------+--------+--------+-----+--------+
         Total |  10158 |   9928 |    230 |   1736 |   6280 |  12 |  846.5 |
       Dungeon |   9851 |   9621 |    230 |   1736 |   6217 |   9 | 1094.6 |
         Abyss |     43 |     43 |      0 |      0 |      0 |   1 |   43.0 |
       Ossuary |    202 |    202 |      0 |      0 |     63 |   1 |  202.0 |
        Bailey |     60 |     60 |      0 |      0 |      0 |   1 |   60.0 |
               +--------+--------+--------+--------+--------+-----+--------+

Top non-repeatable levels by time:
     D:5: 1704 daAuts
     D:8: 1559 daAuts
     D:6: 1539 daAuts
     D:3: 1320 daAuts
     D:1: 1225 daAuts
     D:4: 1184 daAuts
     D:2: 630 daAuts
     D:7: 626 daAuts
 Ossuary: 202 daAuts
  Bailey: 60 daAuts
     D:9: 60 daAuts
 Abyss:2: 43 daAuts
